 Dungeon Crawl Stone Soup version 0.30.0-13-g156ef70053 (webtiles) character file.

Game seed: 740161215751666081

1105 Esekla the Sneak (level 8, -2/52 HPs)
             Began as an Octopode Necromancer on May 17, 2023.
             Slain by a water moccasin (8 damage)
             ... on level 6 of the Dungeon.
             The game lasted 00:31:28 (6090 turns).

Esekla the Sneak (Octopode Necromancer)             Turns: 6090, Time: 00:31:28

Health: -2/52      AC:  1    Str: 13    XL:     8   Next: 32%
Magic:  9/14       EV: 14    Int: 20    God:
Gold:   308        SH:  0    Dex: 12    Spells: 11/15 levels left

rFire   . . .        d - staff of death
rCold   . . .        (no shield)
rNeg    + . .        (helmet restricted)
rPois   .            (no amulet)
rElec   .            z - +6 ring of strength
rCorr   .            (no ring)
SInv    .            (no ring)
Will    .....        (no ring)
Stlth   ++++         (no ring)
HPRegen 0.28/turn    (no ring)
MPRegen 0.14/turn    (no ring)
                     (no ring)

%: no passive effects
@: brilliant, lethally poisoned (-2 -> -17), flying
A: almost no armour, amphibious, 8 rings, camouflage 1, gelatinous body 1,
(nimble swimmer 1), tentacles
a: no special abilities


You were on level 6 of the Dungeon.
You visited 1 branch of the dungeon, and saw 6 of its levels.

You collected 308 gold pieces.

Inventory:

Hand Weapons
 c - a +0 scimitar
 r - a +0 trident
 s - a +0 dagger
Missiles
 b - a boomerang (quivered)
 n - 2 poisoned darts
Magical Staves
 d - a staff of death (weapon)
Jewellery
 z - a +6 ring of strength (left tentacle)
Wands
 k - a wand of paralysis (11)
Scrolls
 f - 9 scrolls of identify {unknown}
 l - a scroll of immolation {unknown}
 m - a scroll of noise {unknown}
 p - a scroll of teleportation
 t - a scroll of enchant armour {unknown}
 u - 3 scrolls of amnesia {unknown}
 v - 2 scrolls of vulnerability {unknown}
 w - a scroll of butterflies {unknown}
 y - a scroll of enchant weapon {unknown}
 A - a scroll of fear {unknown}
 C - a scroll of blinking {unknown}
Potions
 a - 3 potions of magic
 e - a potion of berserk rage
 g - a potion of brilliance
 h - a potion of degeneration {unknown}
 i - a potion of mutation {unknown}
 j - a potion of flight
 o - a potion of cancellation {unknown}
 q - a potion of curing {unknown}
 x - a potion of invisibility {unknown}
 B - a potion of attraction {unknown}


   Skills:
 * Level 3.2 Fighting
 + Level 1.5 Short Blades
 + Level 2.8 Staves
 * Level 3.9 Dodging
 + Level 6.3 Stealth
 * Level 4.3 Spellcasting
 * Level 5.8 Necromancy


You had 11 spell levels left.
You knew the following spells:

 Your Spells              Type           Power      Damage    Failure   Level
a - Necrotise             Necr           100%       1d9       1%          1
d - Vampiric Draining     Necr           58%        2d10      3%          3

Your spell library contained the following spells:

 Spells                   Type           Power      Damage    Failure   Level
 Animate Dead             Necr           58%        N/A       11%         4
 Agony                    Necr           58%        N/A       30%         5
 Gell's Gravitas          Tloc           6%         N/A       36%         3
 Teleport Other           Tloc           6%         N/A       36%         3
 Borgnjor's Vile Clutch   Necr/Erth      18%        N/A       71%         5
 Alistair's Intoxication  Tmut/Pois      4%         N/A       98%         5
 Dispersal                Tloc           3%         N/A       100%        6
 Eringya's Noxious Bog    Tmut/Pois      3%         N/A       100%        6


Dungeon Overview and Level Annotations

Branches:
Dungeon (6/15)
 Temple: D:4-7

Altars:

Shops:
D:1 *   D:5 =

Annotations:
D:4 phantom
D:5 Grinder
D:6 Pikel


Innate Abilities, Weirdness & Mutations

You cannot wear most types of armour.
You are amphibious.
You can wear up to eight rings at the same time.
Your skin changes colour to match your surroundings (Stealth+).
Your rubbery body absorbs attacks. (AC +1, EV +1)
((You are camouflaged when in or above water. (Stealth+)))
You have tentacles for arms and can constrict up to eight enemies at once.


Message History

Aim: a water moccasin (moderately wounded)
You feel a surge of power!
You draw life force from the water moccasin!
You feel life coursing into your body. The water moccasin misses you.
You closely miss the water moccasin. Your grab misses the water moccasin.
You tentacle-slap the water moccasin.
The water moccasin is severely wounded.
The water moccasin completely misses you.
The water moccasin bites you!
You closely miss the water moccasin. Your grab misses the water moccasin.
The water moccasin is severely wounded.
The water moccasin closely misses you.
Casting: Vampiric Draining (dangerous; 3% risk of failure)
Confirm with . or Enter, or press ? or * to list all spells.
Aiming: Vampiric Draining (dangerous; 3% risk of failure)
Press: ? - help, Shift-Dir - straight line, f/p - water moccasin
Aim: a water moccasin (severely wounded)
You feel a surge of power!
You draw life force from the water moccasin.
You feel life coursing into your body. The water moccasin bites you.
You closely miss the water moccasin. Your grab misses the water moccasin.
The water moccasin is almost dead.
The water moccasin bites you.
You are poisoned.
The water moccasin poisons you! The water moccasin bites you!
You are lethally poisoned!
The water moccasin poisons you!
It was a potion of brilliance.
You feel clever all of a sudden.
You feel very sick. The water moccasin bites you.
It was a potion of flight.
You feel very buoyant.
You fly up into the air.
* * * LOW HITPOINT WARNING * * *
You feel very sick. The water moccasin bites you!
* * * LOW HITPOINT WARNING * * *
The water moccasin bites you!
You die...

### ## #.. .# # ... ##.#
.### .# #.. ..# ... ###.#
#.# # #.###.# # ....#
#.###.####....(#.###
..#######.......@SY.........
........#..#########..##.##
.#.###.#...# #..#...##
###.#.###..# ##........ #
##.## ##.# #.......Y#
###.#.###.<# #####.##.....#
.#.###.#.#.# #.....# ......
#.## ##.##.# #..##.# .......
#.#
#.##.####..##..........###


You could see a water moccasin and an ice beast.

Vanquished Creatures
  2 sky beasts
  An ogre (D:5)
  A bullfrog (D:6)
  A scorpion (D:5)
  3 hounds
  A gnoll bouda (D:5)
  2 orc priests
  A jelly (D:6)
  2 iguanas
  5 orc wizards
  4 gnolls (D:5)
  12 adders
  A shadow imp (D:5)
  A white imp (D:4)
  An ufetubus (D:5)
  A worm (D:4)
  7 dart slugs
  26 orcs
  12 ball pythons
  6 bats
  10 endoplasms
  3 giant cockroaches (D:2)
  14 goblins
  7 hobgoblins
  2 jackals (D:2)
  5 kobolds
  3 quokkas (D:1)
  12 frilled lizards
  4 rats
150 creatures vanquished.

Notes
Turn   | Place    | Note
-------+----------+-------------------------------------------
     0 | D:1      | Esekla the Octopode Necromancer began the quest for the
                  | Orb.
     0 | D:1      | Reached XP level 1. HP: 11/11 MP: 3/3
     9 | D:1      | Found Hoecef Xei's Assorted Antiques.
   149 | D:1      | Reached XP level 2. HP: 17/17 MP: 5/5
   450 | D:1      | Reached XP level 3. HP: 13/22 MP: 6/6
   535 | D:1      | Reached skill level 3 in Stealth
   744 | D:2      | Learned a level 3 spell: Vampiric Draining
   890 | D:2      | Reached skill level 1 in Fighting
   890 | D:2      | Reached XP level 4. HP: 25/28 MP: 7/7
  1203 | D:2      | Reached skill level 1 in Short Blades
  1306 | D:2      | Noticed a phantom
  1875 | D:3      | You fall into a shaft and drop 1 floor!
  1901 | D:4      | Reached skill level 4 in Stealth
  1902 | D:4      | Reached XP level 5. HP: 29/33 MP: 4/8
  2226 | D:4      | Noticed a phantom
  2256 | D:4      | Reached skill level 1 in Staves
  2260 | D:4      | Reached XP level 6. HP: 33/39 MP: 3/10
  2911 | D:3      | Found a faded altar of an unknown god.
  3097 | D:3      | Reached skill level 5 in Necromancy
  3649 | D:5      | Entered Level 5 of the Dungeon
  3902 | D:5      | Found Pieng's Jewellery Shop.
  3928 | D:5      | Reached skill level 5 in Stealth
  3928 | D:5      | Reached XP level 7. HP: 45/45 MP: 11/11
  4350 | D:5      | Noticed Grinder
  5598 | D:5      | Reached XP level 8. HP: 51/51 MP: 13/13
  5714 | D:6      | Noticed Pikel
  5824 | D:6      | Reached skill level 6 in Stealth
  6090 | D:6      | Slain by a water moccasin

Illustrated notes

Levels and vault maps discovered:
D:1:      pf_arrival_petrified_forest, layout_basic, serial_shops, shop,
          chequers_serial_rivers_micro_e
D:2:      layout_basic
D:3:      cheibrodos_pilgrimage, layout_basic,
          nicolae_ecumenical_snake_handling, minmay_lizard_king
D:4:      layout_loops_ring, saegor_snake_ambush
D:5:      layout_loops_corners, serial_shops, nicolae_shop_gaudy_bauble,
          amethyst_killhole, uniq_grinder
D:6:      layout_loops_ring, kennysheep_generic_room_9, uniq_pikel

Skill      XL: |  1  2  3  4  5  6  7  8 |
---------------+-------------------------+-----
Stealth        | 3 4 5 6 |  6.3
Fighting       | 1 2 3 |  3.2
Short Blades   | 1 |  1.5
Staves         | 1 2 |  2.8
Spellcasting   | 3 4 |  4.3
Dodging        | 3 |  3.9
Necromancy     | 5 |  5.8

Action                     |  1- 3 |  4- 6 |  7- 9 || total
---------------------------+-------+-------+-------++-------
  Melee: Dagger            |    77 |    51 |     5 ||   133
         Constrict         |    17 |    39 |    15 ||    71
         Unarmed           |     3 |       |       ||     3
         Tentacles         |    15 |    36 |    20 ||    71
         Punch             |     1 |     1 |     3 ||     5
         Staff             |       |   104 |    76 ||   180
  Throw: Boomerang         |       |       |     4 ||     4
   Cast: Vampiric Draining |       |    10 |    25 ||    35
    Use: Scroll            |       |       |     2 ||     2
         Potion            |       |       |     2 ||     2
   Stab: Sleeping          |    11 |    24 |     5 ||    40
 Armour: Skin              |     6 |     6 |     2 ||    14
  Dodge: Dodged            |    41 |    82 |    63 ||   186
